 Dungeon Crawl Stone Soup version 0.31-a0-963-ga325b2283a (webtiles) character file.

Game seed: 8871503492958756166

15 Shayle the Vexing (level 2, 0/42 HPs)
             Began as an Ogre Hexslinger on Oct 25, 2023.
             Succumbed to an adder's poison
             ... on level 3 of the Dungeon.
             The game lasted 00:01:28 (850 turns).

Shayle the Vexing (Ogre Hexslinger)                  Turns: 850, Time: 00:01:29

Health: 0/42       AC: 21    Str: 11    XL:     2   Next: 50%
Magic:  3/3        EV:  1    Int: 14    God:
Gold:   52         SH:  0    Dex: 11    Spells: 3/3 levels left

rFire   . . .        a - +1 sling
rCold   . . .        (no shield)
rNeg    . . .        c - melded +0 robe
rPois   +            (helmet currently unavailable)
rElec   .            (cloak currently unavailable)
rCorr   .            (gloves unavailable)
SInv    .            (boots unavailable)
Will    .....        (no amulet)
Stlth   +            (no ring)
HPRegen 0.27/turn    (no ring)
MPRegen 0.08/turn

%: no passive effects
@: lethally poisoned (0 -> -1), tree-form, invisible
A: stationary, stasis, torment immunity, boosted hp, large, unfitting armour,
(tough skin 1)
a: no special abilities


You were on level 3 of the Dungeon.
You were a tree.
You visited 1 branch of the dungeon, and saw 3 of its levels.

You collected 52 gold pieces.

Inventory:

Hand Weapons
 a - a +1 sling (weapon)
Armour
 c - a +0 robe (melded)
Jewellery
 e - an amulet of faith
Scrolls
 b - a scroll of poison
 d - a scroll of teleportation
Potions
 f - a potion of cancellation


   Skills:
 + Level 2.2 Fighting
 - Level 1.3 Ranged Weapons
 + Level 2.1 Dodging
 + Level 0.9 Unarmed Combat
 - Level 1.2 Spellcasting
 - Level 2.6 Hexes
 - Level 0.8 Fire Magic


You had 3 spell levels left.
You didn't know any spells.
Your spell library contained the following spells:

 Spells                   Type           Power      Damage    Failure   Level
 Jinxbite                 Hex            16%        N/A       13%         2
 Sigil of Binding         Hex            8%         N/A       26%         3
 Inner Flame              Hex/Fire       5%         N/A       36%         3
 Cause Fear               Hex            4%         N/A       65%         4
 Dimensional Bullseye     Hex/Tloc       2%         N/A       83%         4


Dungeon Overview and Level Annotations

Branches:
Dungeon (3/15)

Altars:


Innate Abilities, Weirdness & Mutations

You are a tree.
Your roots penetrate the ground, keeping you stationary.
You cannot be teleported.
You are immune to unholy pain and torment.
Your maximum health is greatly increased.
Your equipment is partially melded.
You are too large for most types of armour.
((You have tough skin. (AC +1)))


Message History

You feel sick. The adder bites you but does no damage.
The adder barely misses you.
You shoot a sling bullet.
The sling bullet barely misses the adder.
You feel sick. The adder barely misses you. The adder bites you.
You shoot a sling bullet.
The sling bullet closely misses the adder.
You feel sick. The adder bites you but does no damage.
The adder barely misses you.
You shoot a sling bullet. The sling bullet misses the adder.
You feel sick. The adder bites you.
* * * LOW HITPOINT WARNING * * *
You are lethally poisoned!
The adder poisons you!
It was a potion of invisibility.
You fade into invisibility!
* * * LOW HITPOINT WARNING * * *
You feel sick. The adder closely misses you. x2
Blink to where?
Press: ? - help, Dir - move target, p - adder
As you read the scroll labelled JURUNA RUILYI, it crumbles to dust.
It was a scroll of blinking.
* * * LOW HITPOINT WARNING * * *
You feel sick.
* * * LOW HITPOINT WARNING * * *
You feel sick.
You slide downwards.
The hatch slams shut behind you.
Found 6 stones and a red potion.
* * * LOW HITPOINT WARNING * * *
You feel sick.
* * * LOW HITPOINT WARNING * * *
You feel sick.
You see here a red potion.
It was a potion of lignification.
You turn into a tree.
Your +0 robe melds into your body.
Your roots penetrate the ground.
* * * LOW HITPOINT WARNING * * *
You feel sick.
There is a lethal amount of poison in your body!
There is a lethal amount of poison in your body!
You die...

##########
#........#
#........#
#........#
#........#
#........######
+.........(.....
#.....♣..#######
##########


There were no monsters in sight!

Vanquished Creatures
  A ball python (D:1)
  An endoplasm (D:1)
  A giant cockroach (D:1)
  3 hobgoblins (D:1)
  2 quokkas
  A bat (D:1)
  A frilled lizard (D:1)
  2 goblins (D:1)
  A rat (D:1)
13 creatures vanquished.

Notes
Turn   | Place    | Note
-------+----------+-------------------------------------------
     0 | D:1      | Shayle the Ogre Hexslinger began the quest for the Orb.
     0 | D:1      | Reached XP level 1. HP: 19/19 MP: 2/2
    74 | D:1      | Reached XP level 2. HP: 25/28 MP: 3/3
   821 | D:2      | Found a faded altar of an unknown god.
   848 | D:3      | HP: 1/28 [poisoned by an adder]
   850 | D:3      | Succumbed to an adder's poison

Illustrated notes

Levels and vault maps discovered:
D:1:      dpeg_chamrin_arrival_tetris, layout_rooms,
          hangedman_decor_clover_reticule
D:2:      layout_rooms, shapermc_ecumenical_altar_mp_highgroup,
          columned_hall_lemuel, bh_walls_and_bars
D:3:      layout_basic, chequers_temple_overflow_minitemple

Skill      XL: |  1  2 |
---------------+-------+-----
Dodging        | 2 |  2.1
Fighting       | 2 |  2.2
Ranged Weapons | |  1.3
Unarmed Combat | |  0.9
Spellcasting   | |  1.2
Hexes          | |  2.6
Fire Magic     | |  0.8

Action                     || total
---------------------------++-------
   Fire: Sling             ||    48
    Use: Scroll            ||     3
         Potion            ||     2
 Armour: Robe              ||    29
  Dodge: Dodged            ||    26

Table legend: (Time is in decaauts)
 A = Elapsed time spent in this place.
 B = Non-inter-level travel time spent in this place.
 C = Inter-level travel time spent in this place.
 D = Time resting spent in this place.
 E = Time spent auto-exploring this place.
 F = Levels seen in this place.
 G = Mean time per level.
                   A        B        C        D        E       F      G
               +--------+--------+--------+--------+--------+-----+--------+
         Total |    866 |    757 |    109 |      0 |    572 |   3 |  288.7 |
       Dungeon |    866 |    757 |    109 |      0 |    572 |   3 |  288.7 |
               +--------+--------+--------+--------+--------+-----+--------+

Top non-repeatable levels by time:
     D:1: 810 daAuts
     D:2: 52 daAuts
     D:3: 3 daAuts
